Map: Site Delta LE

Players

RedpackCuKu (CuKu) - Winner!

  • Race: Terran Terran
  • Spawn Location: 5:00

Spazymazy

  • Race: Zerg Zerg
  • League: Master
  • Spawn Location: 11:00

Event: HomeStory Cup XXV

VOD

Have the link to the VOD?

Description

Time

  • Played on: June 22, 2024, 9:40 a.m.
  • Length: 17:55

All games in this series

Show
View Real Time Build Order
Export as new Build Order

RedpackCuKu Terran - Winner!

Build Orders: Cyclone Opening, Reaper Expand 

Get SALT Encoding   

  12  0:00  SCV  
  13  0:13  SCV  
  14  0:17  Supply Depot  
  14  0:25  SCV  
  15  0:39  SCV  
  15  0:40  Barracks  
  16  0:45  Refinery  
  16  0:51  SCV  
  17  1:03  SCV  
  18  1:15  SCV  
  19  1:27  Reaper  
  19  1:28  Orbital Command  
  20  1:39  Command Center  
  20  1:51  Supply Depot  
  20  1:53  SCV  
  21  1:59  Marine  
  22  2:05  SCV  
  23  2:14  Factory  
  22  2:18  SCV  
  22  2:21  Barracks Reactor  
  23  2:30  SCV  
  24  2:44  SCV  
  25  2:57  Marine  
  25  2:58  Marine, Cyclone  
  30  3:01  Bunker  
  29  3:09  Bunker  
  29  3:11  SCV  
  30  3:15  Marine x2  
  30  3:18  Barracks  
  32  3:26  Orbital Command  
  32  3:28  SCV  
  32  3:33  Factory Tech Lab  
  33  3:36  Marine x2  
  33  3:39  Supply Depot  
  33  3:40  Supply Depot  
  35  3:43  SCV  
  35  3:56  Siege Tank  
  35  4:00  Marine x2  
  40  4:04  Supply Depot  
  38  4:15  Barracks Tech Lab  
  38  4:16  SCV  
  39  4:17  Refinery  
  39  4:22  Orbital Command  
  39  4:25  Marine x2  
  39  4:30  SCV  
  42  4:35  Starport  
  42  4:40  Command Center  
  42  4:41  Marine  
  42  4:42  SCV  
  44  4:47  SCV  
  44  4:48  Marine x2  
  47  4:55  SCV  
  47  4:58  Siege Tank  
  47  4:59  SCV, Marine  
  53  5:05  Supply Depot  
  53  5:07  SCV  
  54  5:09  Marine x2  
  54  5:11  SCV  
  57  5:15  Stimpack  
  57  5:16  Supply Depot  
  57  5:19  SCV  
  58  5:23  SCV  
  58  5:26  Starport Reactor  
  58  5:27  Marine x2  
  61  5:29  Marine  
  61  5:31  SCV  
  63  5:36  SCV  
  63  5:40  Engineering Bay  
  63  5:41  Engineering Bay  
  64  5:47  Marine x2  
  64  5:48  SCV  
  67  5:50  SCV  
  67  5:52  Orbital Command  
  68  5:58  Siege Tank  
  68  5:59  Marine  
  68  6:00  SCV  
  68  6:02  SCV  
  68  6:03  Refinery  
  74  6:12  SCV  
  74  6:15  Marine  
  74  6:16  SCV  
  71  6:20  Medivac  
  71  6:21  SCV  
  71  6:23  Marine  
  71  6:24  Refinery  
  76  6:27  SCV  
  76  6:28  Bunker  
  76  6:37  SCV, Barracks  
  76  6:39  Marine  
  77  6:40  Marine  
  77  6:44  Medivac  
  77  6:45  Terran Infantry Weapons Level 1, Marine  
  82  6:48  SCV  
  82  6:50  Terran Infantry Armor Level 1  
  83  6:57  Marine  
  84  7:02  SCV  
  84  7:04  Marine x2  
  84  7:05  Siege Tank  
  90  7:14  SCV  
  90  7:15  Marine  
  92  7:22  Marine  
  93  7:23  Combat Shield  
  93  7:27  Marine, Barracks  
  93  7:28  Orbital Command, SCV, Barracks  
  93  7:29  Supply Depot x2  
  95  7:33  Supply Depot, Marine, Starport Reactor  
  96  7:38  Marine x2  
  96  7:40  Siege Tank  
  101  7:44  Supply Depot  
  101  7:49  Supply Depot  
  101  7:50  Marine x2  
  101  7:51  Marine  
  104  7:55  Marine  
  95  8:00  Orbital Command  
  95  8:01  Marine  
  95  8:02  SCV  
  94  8:08  Marine x3  
  97  8:13  Marine  
  97  8:19  Marine  
  97  8:23  Barracks Reactor x2  
  97  8:26  SCV x3, Marine  
  97  8:32  Marine x2  
  99  8:35  Armory  
  99  8:37  Siege Tank  
  99  8:38  SCV x3  
  99  8:39  Marine  
  99  8:41  Medivac  
  109  8:42  Medivac  
  109  8:47  Marine  
  109  8:48  Marine  
  112  8:49  Supply Depot  
  112  8:50  SCV x2  
  104  8:57  Marine x2  
  104  8:59  Marine x3  
  104  9:00  Marine x2  
  103  9:04  Orbital Command  
  100  9:10  Marine x2  
  100  9:15  Marine  
  100  9:16  Marine  
  94  9:18  Marine x2  
  94  9:20  Marine x2  
  94  9:21  Marine  
  98  9:28  Marine x2  
  99  9:33  Siege Tank, Marine  
  99  9:34  Marine  
  99  9:36  Marine  
  96  9:38  Marine x3  
  96  9:39  Marine  
  98  9:46  Marine  
  98  9:52  Marine  
  99  9:56  Terran Infantry Weapons Level 2  
  99  9:58  Marine x4  
  103  10:13  Orbital Command  
  103  10:19  Marine x3  
  103  10:20  Marine x2  
  108  10:33  Siege Tank  
  108  10:39  Marine  
  108  10:40  Marine x2  
  108  10:41  Marine x2  
  108  10:42  Marine x3  
  109  10:43  Marine  
  109  10:44  SCV, Medivac x2  
  115  10:57  Marine  
  115  10:58  Marine x2  
  115  11:01  Marine  
  117  11:05  Siege Tank  
  117  11:06  Marine x2  
  117  11:07  SCV  
  117  11:08  Marine  
  124  11:14  Marine x2  
  124  11:15  Marine  
  124  11:16  Marine  
  118  11:18  Marine  
  118  11:19  Marine  
  118  11:24  Liberator x2  
  118  11:25  Marine x2  
  128  11:29  Marine  
  128  11:32  Marine x2  
  129  11:33  Marine x2  
  129  11:36  Marine x2  
  130  11:49  Orbital Command  
  117  11:54  Marine  
  117  11:55  Marine  
  117  11:56  Siege Tank  
  115  12:06  Marine x2  
  115  12:08  Marine x2  
  105  12:10  Marine x3  
  109  12:16  Marine  
  109  12:19  Marine  
  109  12:20  Medivac x2  
  109  12:22  SCV x2  
  117  12:23  SCV  
  117  12:24  Marine x2  
  117  12:28  Siege Tank  
  123  12:32  Marine x2  
  120  12:51  Marine x2  
  96  12:52  Marine x3  
  96  12:54  Marine  
  96  12:56  Marine x2  
  96  12:57  Marine  
  93  13:09  Marine x2  
  93  13:10  Marine x3  
  93  13:11  Siege Tank, Liberator  
  93  13:12  Liberator, Marine  
  108  13:13  Marine  
  109  13:23  Marine x2  
  109  13:26  Marine  
  109  13:27  SCV, Marine x2  
  113  13:37  Command Center  
  113  13:43  Siege Tank  
  120  13:51  SCV  
  120  13:52  Sensor Tower  
  120  13:55  Terran Infantry Weapons Level 3  
  116  13:57  Terran Infantry Armor Level 2  
  116  14:02  Marine x2  
  118  14:07  Marine  
  118  14:08  Marine  
  118  14:14  Marine x2  
  118  14:15  Siege Tank, Marine x3  
  123  14:20  Marine  
  123  14:22  Marine  
  120  14:25  Marine  
  120  14:26  Marine  
  120  14:27  Medivac  
  116  14:32  Marine x4  
  116  14:35  Marine  
  116  14:38  Marine  
  119  14:40  Marine  
  119  14:43  Marine x2  
  118  14:50  Marine x2  
  118  14:51  Marine  
  122  14:55  Liberator, Missile Turret  
  122  14:58  Liberator  
  127  15:05  Orbital Command  
  127  15:06  Barracks  
  127  15:10  Marauder, Sensor Tower  
  129  15:17  SCV  
  129  15:18  Barracks Tech Lab, Siege Tank  
  129  15:19  Marine  
  134  15:27  Barracks  
  127  15:41  Marauder  
  116  15:43  Marine  
  116  15:44  Marauder  
  102  15:50  Siege Tank  
  102  15:56  Orbital Command, Marine  
  101  15:57  Marine x3  
  101  16:00  Medivac x2  
  101  16:03  Marine, Marauder  
  110  16:05  Marine, Marauder  
  112  16:14  Marine  
  112  16:15  Marine  
  103  16:19  Marine x2  
  103  16:22  SCV  
  103  16:24  Marauder  
  100  16:28  Barracks Tech Lab x2  
  100  16:29  SCV  
  100  16:30  SCV  
  101  16:37  SCV  
  102  16:40  Marine x2  
  102  16:41  SCV  
  102  16:42  Marine x4  
  102  16:44  Siege Tank  
  102  16:46  Marauder  
  116  16:48  Marauder  
  116  16:51  Ghost Academy  
  116  16:53  Marine x2  
  116  16:54  Liberator x2  
  118  16:56  SCV  
  118  16:57  SCV x3  
  128  17:01  Sensor Tower  
  128  17:02  Marine  
  128  17:04  Marine  
  128  17:07  Marauder  
  131  17:10  Marauder  
  131  17:15  Marauder  
  130  17:16  Siege Tank, Marauder  
  130  17:17  Marine x2  
  130  17:19  Marine  
  136  17:23  Marine x2  
  136  17:24  Marine  
  136  17:28  Marauder  
  141  17:31  Marauder  
  141  17:35  Marine  
Show
View Real Time Build Order
Export as new Build Order

Spazymazy Zerg 

Build Orders: Pool First 

Get SALT Encoding   

  12  0:00  Drone  
  13  0:12  Overlord  
  13  0:16  Drone  
  14  0:30  Drone  
  14  0:31  Drone  
  16  0:40  Spawning Pool  
  15  0:43  Drone  
  15  0:47  Drone  
  17  1:07  Hatchery  
  17  1:10  Drone  
  17  1:14  Extractor  
  16  1:25  Drone  
  16  1:27  Zergling x2  
  16  1:28  Zergling x2  
  16  1:31  Queen  
  21  1:41  Drone  
  22  1:47  Roach Warren  
  22  1:53  Overlord  
  21  2:02  Drone  
  22  2:11  Queen  
  24  2:28  Roach x3  
  30  2:32  Roach  
  30  2:35  Roach  
  34  2:42  Overlord  
  34  2:57  Drone x2  
  36  3:01  Drone  
  36  3:02  Drone x2  
  36  3:05  Drone  
  40  3:11  Ravager  
  40  3:12  Overlord  
  41  3:26  Drone  
  42  3:27  Ravager  
  42  3:29  Drone  
  44  3:44  Drone x2  
  44  3:45  Queen  
  44  3:46  Extractor  
  44  3:47  Drone x2  
  49  3:52  Hatchery  
  49  3:56  Ravager  
  49  3:58  Overlord  
  49  4:00  Drone  
  51  4:11  Drone x2  
  51  4:12  Overlord  
  52  4:22  Drone x2  
  51  4:24  Metabolic Boost  
  51  4:30  Queen, Overlord  
  53  4:32  Drone x3  
  53  4:37  Drone x2  
  57  4:46  Spore Crawler  
  57  4:50  Drone x3, Extractor  
  57  4:52  Zergling x2, Roach  
  61  4:55  Spore Crawler  
  61  4:57  Zergling x2  
  61  4:58  Zergling x4  
  63  5:03  Roach  
  65  5:09  Roach x2  
  65  5:12  Overlord x2  
  69  5:19  Overlord  
  69  5:24  Zergling x6  
  69  5:27  Ravager  
  73  5:30  Overlord  
  73  5:31  Zergling x4  
  75  5:36  Zergling x2  
  75  5:39  Zergling x8  
  80  5:44  Zergling x2  
  80  5:47  Zergling x8  
  80  5:49  Zergling x4  
  87  5:53  Zergling x4  
  87  5:56  Zergling x2  
  89  5:59  Ravager x2  
  89  6:02  Zergling x2  
  89  6:03  Zergling x2  
  88  6:11  Zergling x2  
  88  6:12  Zergling x4  
  88  6:16  Drone x5  
  88  6:17  Drone  
  92  6:18  Drone x3  
  92  6:21  Lair  
  94  6:31  Overlord x2  
  94  6:33  Drone x2  
  94  6:35  Extractor  
  94  6:36  Extractor  
  94  6:37  Evolution Chamber  
  94  6:39  Evolution Chamber  
  92  6:41  Drone x2  
  92  6:42  Drone  
  92  6:46  Drone x3  
  98  6:49  Overlord  
  98  6:50  Zergling x4  
  98  6:51  Zergling x2  
  101  6:56  Overlord  
  100  7:05  Zerg Ground Armor Level 1, Zerg Missile Weapons Level 1  
  100  7:06  Roach x2  
  104  7:10  Queen  
  104  7:13  Queen  
  108  7:20  Roach x2  
  108  7:21  Roach x2  
  116  7:23  Glial Reconstitution  
  116  7:28  Zergling x6, Roach  
  121  7:36  Roach x4  
  129  7:44  Overlord  
  129  7:46  Queen  
  116  7:59  Roach x2  
  116  8:00  Zergling x4, Roach  
  124  8:09  Drone x3  
  124  8:12  Extractor  
  118  8:21  Roach x10  
  118  8:26  Queen  
  132  8:27  Queen  
  132  8:29  Drone x2  
  134  8:34  Infestation Pit  
  134  8:35  Roach  
  135  8:42  Zergling x4  
  135  8:43  Zergling x2  
  137  8:50  Roach x2  
  137  8:52  Hatchery  
  119  8:57  Zergling x4, Roach x2  
  118  9:04  Roach  
  118  9:05  Roach x2  
  118  9:07  Drone x3  
  114  9:12  Pneumatized Carapace  
  114  9:15  Drone x2  
  116  9:17  Drone  
  116  9:20  Drone  
  116  9:21  Drone  
  119  9:25  Drone x2  
  121  9:37  Zergling x2, Roach x2  
  112  9:42  Roach x2  
  107  9:48  Drone  
  107  9:49  Drone x2  
  107  9:52  Hive  
  108  10:01  Roach x4  
  108  10:05  Ravager x3  
  108  10:06  Ravager x2  
  121  10:09  Drone x2  
  122  10:16  Zerg Missile Weapons Level 2  
  122  10:21  Drone x2  
  120  10:39  Queen  
  118  10:43  Roach x10  
  118  10:47  Queen  
  139  10:59  Drone  
  134  11:06  Viper x2  
  140  11:15  Roach  
  140  11:16  Roach x3  
  140  11:17  Drone x3  
  151  11:19  Overlord x3  
  151  11:22  Overlord  
  151  11:25  Overlord  
  151  11:26  Overlord  
  151  11:28  Overlord  
  151  11:31  Overlord  
  151  11:34  Overlord  
  129  11:55  Roach x10  
  130  12:04  Roach x5  
  111  12:11  Roach x3  
  117  12:16  Ravager x2  
  117  12:18  Ravager  
  117  12:19  Zergling x10  
  125  12:25  Roach x2  
  125  12:29  Zergling x2  
  131  12:30  Zergling x6  
  129  12:51  Roach x10  
  100  13:07  Drone x4  
  100  13:08  Ultralisk Cavern, Drone x2  
  100  13:10  Drone  
  100  13:11  Drone x2  
  108  13:18  Drone x3  
  111  13:28  Drone x2  
  104  13:46  Hatchery  
  99  13:57  Chitinous Plating  
  99  13:59  Ultralisk  
  99  14:01  Zergling x20  
  115  14:11  Ultralisk  
  113  14:23  Zergling x2  
  113  14:24  Zergling x8  
  115  14:30  Zergling x2  
  113  14:42  Ultralisk  
  119  15:04  Zergling x2  
  119  15:05  Hatchery, Zergling x6  
  122  15:10  Zergling x2  
  122  15:11  Zergling x2  
  123  15:15  Zergling x4  
  125  15:24  Ravager x2  
  125  15:25  Ravager x2  
  123  15:37  Zergling x14  
  110  15:47  Zergling x2, Ultralisk  
  107  16:01  Zergling x4, Roach x3  
  107  16:04  Drone  
  116  16:11  Zergling x6  
  110  16:15  Roach  
  102  16:19  Ultralisk  
  90  16:29  Drone  
  90  16:31  Drone  
  90  16:32  Drone x2  
  94  16:33  Queen  
  96  16:45  Drone  
  96  16:46  Drone x4  
  101  16:48  Drone  
  102  16:57  Ultralisk  
  102  17:13  Zergling x14  
Tags
 
Add a new tag
Caveats
  • Supply blocks, unpowered buildings, or Contaminate may cause inaccurate times.
  • Supply counts are checked every 10 seconds.